 Dungeon Crawl Stone Soup version 0.24-a0-584-g9d6b971ae4 (webtiles) character file.

Game seed: 15822121547996051673, levelgen mode: deterministic

10073 BaffledPanda the Spear-Bearer (level 11, -18/150 HPs)
             Began as a Minotaur Berserker on Sept 4, 2019.
             Was an Elder of Trog.
             Demolished by Rupert
             ... wielding a +1 great sword of draining
              (30 damage)
             ... on level 3 of the Lair of Beasts.
             The game lasted 00:44:26 (10842 turns).

BaffledPanda the Spear-Bearer (Minotaur Berserker) Turns: 10842, Time: 00:44:27

Health: -18/150    AC: 13    Str: 29    XL:     11   Next: 31%
Magic:  0/3        EV: 12    Int:  4    God:    Trog [****..]
Gold:   471        SH:  0    Dex: 11    Spells: 10/10 levels left

rFire    + . .     SeeInvis .   o - +0 halberd (antimagic)
rCold    . . .     Gourm    .   (shield currently unavailable)
rNeg     + . .     Faith    .   q - +1 scale mail {rF+}
rPois    .         Spirit   +   (helmet restricted)
rElec    .         Reflect  .   h - scarf {repulsion}
rCorr    .         Harm     .   r - +1 pair of gloves
MR       ++...                  (no boots)
Stlth    ..........             j - amulet of guardian spirit
HPRegen  1.35/turn              n - +2 ring of protection
MPRegen  0.08/turn              m - ring of positive energy

@: berserking (expiring), regenerating, heavily drained, repel missiles, very
quick
A: retaliatory headbutt, horns 2
a: Berserk, Trog's Hand, Brothers in Arms, Renounce Religion


You were on level 3 of the Lair of Beasts.
You worshipped Trog.
Trog was greatly pleased with you.
You were hungry.

You visited 3 branches of the dungeon, and saw 12 of its levels.

You collected 674 gold pieces.
You spent 203 gold pieces at shops.

Inventory:

Hand Weapons
 o - a +0 antimagic halberd (weapon)
Missiles
 y - 7 atropa-tipped darts (quivered)
Armour
 h - a scarf of repulsion (worn)
 q - a +1 scale mail of fire resistance (worn)
 r - a +1 pair of gloves (worn)
Jewellery
 j - an amulet of guardian spirit (around neck)
 m - a ring of positive energy (right hand)
 n - a +2 ring of protection (left hand)
 G - an uncursed ring of protection from cold {unknown}
Wands
 g - a wand of digging (2)
 k - a wand of random effects (18)
 s - a wand of acid (26)
 x - a wand of flame (15)
 D - a wand of scattershot (5)
Scrolls
 b - 6 scrolls of teleportation
 t - a scroll of immolation
 u - a scroll of magic mapping
 w - a scroll of fog
 B - 4 scrolls of remove curse
 H - a scroll of amnesia {unknown}
 I - 2 scrolls of identify
 J - a scroll of random uselessness {unknown}
Potions
 a - a potion of lignification {unknown}
 d - 4 potions of flight
 e - 7 potions of curing
 f - a potion of ambrosia
 i - a potion of haste
 l - 3 potions of heal wounds {unknown}
 p - 3 potions of degeneration
 v - 2 potions of brilliance {unknown}
 z - a potion of resistance {unknown}
 A - a potion of cancellation {unknown}
 C - 2 potions of agility {unknown}
 E - a potion of magic {unknown}
 F - a potion of might {unknown}
Comestibles
 c - 8 rations


   Skills:
 + Level 10.3(8.3) Fighting
   Level 5.1(3.4) Maces & Flails
 + Level 13.7(11.5) Polearms
 + Level 1.2(0.0) Throwing
 + Level 10.1(8.1) Armour
 + Level 6.1(4.3) Dodging
 + Level 1.9(0.3) Stealth
 + Level 0.1(0.0) Evocations


You had 10 spell levels left.
You didn't know any spells.
Your spell library contained the following spells:

 Spells                   Type           Power        Failure   Level  Hunger
 Animate Skeleton         Necr           N/A          73%         1    ##.....
 Apportation              Tloc           #.....       73%         1    ##.....
 Confusing Touch          Hex            #.....       73%         1    ##.....
 Shock                    Conj/Air       #...         73%         1    ##.....
 Summon Small Mammal      Summ           #...         73%         1    ##.....
 Swiftness                Chrm/Air       #.......     86%         2    ###....
 Static Discharge         Conj/Air       #.......     97%         3    ####...
 Airstrike                Air            #.........   100%        4    #####..
 Lightning Bolt           Conj/Air       #.........   100%        5    ######.


Dungeon Overview and Level Annotations

Branches:
Dungeon (8/15)             Temple (1/1) D:6            Lair (3/6) D:8
  Swamp: Lair:2-4    Shoals: Lair:2-4     Snake: Lair:2-4    Spider: Lair:2-4

Altars:
Ashenzari
Cheibriados
Dithmenos
Elyvilon
Fedhas
Gozag
Hepliaklqana
Kikubaaqudgha
Makhleb
Nemelex Xobeh
Okawaru
Qazlal
Ru
Sif Muna
Trog
Uskayaw
Vehumet
Wu Jian
Xom
Yredelemnul
Zin

Shops:
D:4 (

Annotations:
D:8 2 runed translucent doors, bgiannan's ghost, novice GrFi
Lair:3 Rupert


Innate Abilities, Weirdness & Mutations

You reflexively headbutt those who attack you in melee.
You have a pair of horns on your head.


Message History

Rupert is moderately wounded.
Rupert barely misses you.
You barely miss Rupert.
Rupert is moderately wounded.
You slash Rupert!
Rupert's magic leaks into the air.
You headbutt Rupert!
Rupert is heavily wounded.
Rupert hits you with a +1 great sword of draining.
* * * LOW HITPOINT WARNING * * *
You partially resist.
You feel drained.
You puncture Rupert!
Rupert's magic leaks into the air.
Your headbutt misses Rupert.
Rupert is heavily wounded.
Rupert hits you with a +1 great sword of draining!!
* * * LOW HITPOINT WARNING * * *
You partially resist.
You feel drained.
* * * LOW HITPOINT WARNING * * *
You barely miss Rupert.
Rupert is heavily wounded.
Rupert hits you with a +1 great sword of draining!!
You die...

#...##...#
#....#...#
#........#
#........##
##...##...#
#..P##..##
#...##.<#
#..###..#
#.@###...
#.@.##..##
#..##...#
#....##...#
#.#.......#
...........#
.......##.
..P#....# #$
.####...# ..


You could see Rupert (berserk).

Vanquished Creatures
  A hydra (Lair:2)
  A spiny frog (Lair:2)
  A komodo dragon (Lair:2)
  Grinder (D:4)
  Sigmund (D:5)
  18 yaks
  A hungry ghost (D:5)
  A basilisk (Lair:1)
  Duvessa (D:5)
  7 water moccasins
  4 porcupines
  2 sky beasts (D:8)
  A phantom (D:6)
  3 ogres
  A black bear (Lair:1)
  3 wolves (Lair:1)
  A centaur (D:6)
  4 crocodiles
  A big kobold (D:4)
  A wyvern zombie (D:6)
  11 bullfrogs
  A gnoll sergeant (D:5)
  3 scorpions
  Dowan (D:5)
  6 killer bees (D:6)
  3 crimson imps
  2 bullfrog zombies
  4 quasits
  A jelly (D:5)
  2 orc priests
  5 hounds
  3 iguanas
  3 orc wizards
  5 worker ants
  2 hound skeletons
  2 worker ant zombies (D:7)
  9 gnolls
  13 adders
  A shadow imp (D:8)
  An adder skeleton (D:6)
  3 worms
  3 dart slugs
  4 leopard geckos
  17 orcs
  4 ball pythons
  3 giant cockroaches
  13 goblins
  7 hobgoblins
  16 jackals
  4 quokkas
  A ball python skeleton (D:5)
  5 bats (D:1)
  6 frilled lizards
  A jackal skeleton (D:6)
  A jackal zombie (D:6)
  32 kobolds
  A leopard gecko zombie (D:7)
  5 rats
258 creatures vanquished.

Vanquished Creatures (collateral kills)
  5 yaks (Lair:1)
  Menkaure (D:6)
  A porcupine (Lair:1)
  A bullfrog (D:6)
  A howler monkey (D:8)
  A hound (D:8)
  2 orc wizards (D:6)
  A ball python (D:6)
13 creatures vanquished.

Vanquished Creatures (others)
  2 fungi (Lair:2)
  4 plants
6 creatures vanquished.

Grand Total: 277 creatures vanquished

Notes
Turn   | Place    | Note
-------+----------+-------------------------------------------
     0 | D:1      | BaffledPanda the Minotaur Berserker began the quest for the
                  | Orb.
     0 | D:1      | Reached XP level 1. HP: 19/19 MP: 0/0
    85 | D:1      | You fall into a shaft and drop 1 floor!
   105 | D:2      | Reached XP level 2. HP: 18/27 MP: 1/1
   497 | D:2      | Reached XP level 3. HP: 34/34 MP: 2/2
   754 | D:2      | Found an iron altar of Okawaru.
  1228 | D:1      | Reached ** piety under Trog
  1629 | D:2      | Reached XP level 4. HP: 41/41 MP: 3/3
  1719 | D:2      | Found a hide-covered altar of Uskayaw.
  1719 | D:2      | Found a basalt altar of Yredelemnul.
  2261 | D:3      | Reached XP level 5. HP: 28/47 MP: 4/4
  2438 | D:3      | Reached skill level 5 in Maces & Flails
  2473 | D:3      | Reached skill level 5 in Fighting
  2888 | D:3      | Found a shimmering blue altar of Sif Muna.
  2986 | D:3      | Reached *** piety under Trog
  3506 | D:4      | Reached XP level 6. HP: 54/57 MP: 5/5
  3585 | D:4      | Found Ecifi's Antique Weapon Boutique.
  3589 | D:4      | Bought a runed halberd for 203 gold pieces
  3616 | D:4      | Reached skill level 1 in Stealth
  3832 | D:4      | Noticed Grinder
  3847 | D:4      | Killed Grinder
  3847 | D:4      | Reached skill level 1 in Polearms
  3847 | D:4      | Reached skill level 5 in Armour
  4329 | D:4      | Reached XP level 7. HP: 56/63 MP: 2/6
  4389 | D:4      | Reached skill level 2 in Polearms
  4530 | D:5      | Entered Level 5 of the Dungeon
  4643 | D:5      | Reached skill level 3 in Polearms
  4836 | D:5      | Noticed Dowan
  4836 | D:5      | Noticed Duvessa
  4840 | D:5      | Killed Dowan
  4842 | D:5      | Killed Duvessa
  4842 | D:5      | Reached skill level 4 in Polearms
  4843 | D:5      | Reached **** piety under Trog
  4856 | D:5      | Reached skill level 5 in Polearms
  4872 | D:5      | Noticed a hungry ghost
  4897 | D:5      | Killed a hungry ghost
  4897 | D:5      | Reached XP level 8. HP: 47/71 MP: 2/7
  5254 | D:5      | Noticed Sigmund
  5268 | D:5      | Killed Sigmund
  5268 | D:5      | Reached skill level 6 in Polearms
  6073 | D:6      | Noticed Menkaure
  6078 | D:6      | Reached skill level 7 in Polearms
  6080 | D:6      | Killed Menkaure
  6082 | D:6      | Found a staircase to the Ecumenical Temple.
  6094 | Temple   | Entered the Ecumenical Temple
  6293 | D:6      | Found a shimmering altar of Xom.
  6394 | D:6      | Reached skill level 1 in Throwing
  6446 | D:6      | Reached XP level 9. HP: 79/79 MP: 2/8
  6605 | D:6      | HP: 6/121 [poisoned by a killer bee]
  6610 | D:6      | HP: 4/121 [poisoned by a killer bee]
  6613 | D:6      | HP: 1/81 [poisoned by a killer bee]
  6627 | D:6      | Received a gift from Trog
  6627 | D:6      | Reached skill level 8 in Polearms
  6801 | D:7      | Found an ornate altar of the Wu Jian Council.
  7465 | D:7      | Reached skill level 9 in Polearms
  7773 | D:8      | Reached skill level 5 in Dodging
  7977 | D:8      | Found a large runed translucent door.
  7978 | D:8      | Found a large runed translucent door.
  7980 | D:8      | Noticed bgiannan's ghost (novice GrFi)
  8080 | D:8      | Found a staircase to the Lair.
  8178 | Lair:1   | Entered Level 1 of the Lair of Beasts
  8206 | Lair:1   | Reached skill level 10 in Polearms
  8206 | Lair:1   | Reached XP level 10. HP: 81/90 MP: 3/9
  8657 | Lair:1   | Reached skill level 11 in Polearms
  9017 | Lair:1   | Reached skill level 12 in Polearms
  9497 | Lair:2   | Noticed a spiny frog
  9503 | Lair:2   | Killed a spiny frog
  9680 | Lair:2   | Reached XP level 11. HP: 91/99 MP: 3/10
  9695 | Lair:2   | Reached skill level 13 in Polearms
  9962 | Lair:2   | Reached skill level 10 in Fighting
 10236 | Lair:2   | Noticed a five-headed hydra
 10245 | Lair:2   | Killed a nine-headed hydra
 10245 | Lair:2   | Reached skill level 10 in Armour
 10818 | Lair:3   | Noticed Rupert
 10842 | Lair:3   | Demolished by Rupert

Levels and vault maps discovered:
D:1:      tarquinn_simple_flora_water_d, layout_basic, serial_forest,
          infiniplex_forest_zigzag_2, infiniplex_forest_zigzag_1,
          infiniplex_forest_end_3, infiniplex_forest_straight_4,
          infiniplex_forest_clump_tiny, infiniplex_forest_end_2
D:2:      layout_basic, okawaru_altar_gauntlet_db,
          gammafunk_temple_overflow_elements
D:3:      layout_loops_ring, lemuel_blue_sif_altar
D:4:      kennysheep_kobold_camp, layout_loops_ring, first_ration, serial_shops,
          kennysheep_mini_moat, kennysheep_nondescript,
          kennysheep_big_empty_room, hangedman_abyss_or_decor_jellyfish_corner,
          uniq_grinder
D:5:      cheibrodos_quashed, layout_basic, minmay_fractal_squares_gapless_5,
          uniq_duvessa, uniq_sigmund
D:6:      minmay_diamond_boxcup, layout_rooms, temple_statues, basic_altar,
          grunt_potential, uniq_menkaure
D:7:      layout_loops_ring, lemuel_crystal_altar
D:8:      layout_loops_ring, lemuel_doored_altar, lair_entry_dummy,
          ebering_ghost_disaster_area, grunt_pizzeria
Temple:   minmay_crystal_spiral_temple
Lair:1:   layout_cave_pods
Lair:2:   layout_chaotic_city, beast_lair_carwin_6
Lair:3:   layout_long_grid, minmay_swamp_entry_swarm, spider_nest_entry_rubble,
          gammafunk_ghost_split, uniq_rupert

Skill      XL: |  1  2  3  4  5  6  7  8  9 10 11 |
---------------+----------------------------------+-----
Fighting       | 4 5 6 7 8 9 10 | 10.3
Maces & Flails | 4 5 |  5.1
Armour         | 3 4 5 7 9 10 | 10.1
Dodging        | 3 4 5 6 |  6.1
Stealth        | 1 |  1.9
Polearms       | 1 5 7 10 12 13 | 13.7
Throwing       | 1 |  1.2
Evocations     | |  0.1

Action                   |  1- 3 |  4- 6 |  7- 9 | 10-12 || total
-------------------------+-------+-------+-------+-------++-------
Melee: Mace              |    88 |   121 |       |       ||   209
       Headbutt          |    14 |    37 |    46 |    42 ||   139
       Halberd           |       |    60 |   315 |   177 ||   552
Throw: Boomerang         |       |     2 |    16 |       ||    18
       Dart              |       |       |     1 |       ||     1
Invok: Berserk           |       |     3 |     6 |     4 ||    13
       Trog's Hand       |       |     1 |     3 |     2 ||     6
       Brothers in Arms  |       |       |     3 |     2 ||     5
Evoke: Wand              |       |       |     3 |       ||     3
  Use: Scroll            |     1 |       |    10 |     1 ||    12
       Potion            |     1 |       |     1 |       ||     2
 Stab: Paralysed         |       |       |     1 |       ||     1
  Eat: Chunk             |     2 |     4 |    15 |     6 ||    27
       Ration            |       |     2 |     4 |     2 ||     8
Armor: Animal skin       |     8 |       |       |       ||     8
       Ring mail         |    36 |    62 |       |       ||    98
       Chain mail        |       |     7 |       |       ||     7
       Scale mail        |       |     4 |   161 |    50 ||   215
Dodge: Dodged            |    72 |   108 |   214 |    86 ||   480
       Deflected         |     5 |     6 |     5 |       ||    16
Block: Shield            |       |     3 |       |       ||     3

Table legend:
 A = Non-vault XP
 B = Vault XP
 C = Vault XP percentage of total XP
 D = Non-vault monster count
 E = Vault monster count
 F = Vault count percentage of total count
                 A         B        C        D         E       F
            +---------+---------+-------+---------+---------+-------
      Total |   11481 |    2910 |  20.2 |     213 |      58 |  21.4
            +---------+---------+-------+---------+---------+-------
        D:1 |      36 |       0 |   0.0 |      22 |       0 |   0.0
        D:2 |      77 |      24 |  23.8 |      21 |       6 |  22.2
        D:3 |     184 |       0 |   0.0 |      40 |       0 |   0.0
        D:4 |     130 |     396 |  75.3 |      14 |      22 |  61.1
        D:5 |     707 |     693 |  49.5 |      16 |       8 |  33.3
        D:6 |     652 |     803 |  55.2 |      17 |      16 |  48.5
        D:7 |     731 |       0 |   0.0 |      20 |       0 |   0.0
        D:8 |     884 |       0 |   0.0 |      18 |       0 |   0.0
     Lair:1 |    4359 |       0 |   0.0 |      29 |       0 |   0.0
     Lair:2 |    3721 |     994 |  21.1 |      16 |       6 |  27.3
            +---------+---------+-------+---------+---------+-------
